 Dungeon Crawl Stone Soup version 0.28.0 (webtiles) character file.

Game seed: 17594156552368320040

107 Host24 the Bolt Thrower (level 5, 0/31 (32) HPs)
             Began as a Kobold Hunter on Mar 5, 2022.
             Killed by nerve-wracking pain
             ... invoked by an orc priest
              (14 damage)
             ... on level 3 of the Dungeon.
             The game lasted 00:05:29 (3066 turns).

Host24 the Bolt Thrower (Kobold Hunter)             Turns: 3066, Time: 00:05:30

HP:   0/31 (32)     AC:  6    Str: 11    XL:     5   Next: 10%
MP:   5/5           EV: 19    Int: 12    God:
Gold: 63            SH:  0    Dex: 16    Spells: 4/4 levels left

rFire   . . .      SeeInvis .   a - +1 hand crossbow
rCold   . . .      Faith    .   (no shield)
rNeg    . . .      Spirit   .   c - +0 leather armour
rPois   .          Reflect  .   r - +2 helmet
rElec   .          Harm     .   (no cloak)
rCorr   .          Rampage  .   (no gloves)
Will    .....                   (no boots)
Stlth   +++.......              s - amulet of regeneration
HPRegen 0.90/turn               q - +4 ring of evasion
MPRegen 0.09/turn               (no ring)

@: lightly drained
A: small, no large weapons, nightstalker 3
a: no special abilities


You were on level 3 of the Dungeon.
You visited 1 branch of the dungeon, and saw 3 of its levels.

You collected 63 gold pieces.

Inventory:

Hand Weapons
 a - a +1 hand crossbow (weapon)
 e - a +4 dagger
Missiles
 b - 163 stones
 d - 13 bolts (quivered ammo)
 h - 43 sling bullets
Armour
 c - a +0 leather armour (worn)
 r - a +2 helmet (worn)
Jewellery
 q - a +4 ring of evasion (left hand)
 s - an amulet of regeneration (around neck)
Scrolls
 g - a scroll of amnesia {unknown}
 i - a scroll of silence {unknown}
 j - a scroll of noise {unknown}
 k - 2 scrolls of teleportation {unknown}
 l - a scroll of identify {unknown}
 n - 2 scrolls of vulnerability {unknown}
 p - a scroll of summoning {unknown}
 t - a scroll of immolation {unknown}
Potions
 f - a potion of lignification {unknown}
 m - a potion of attraction {unknown}
 o - a potion of curing {unknown}


   Skills:
 - Level 3.0 Fighting
 + Level 6.6 Crossbows
 - Level 3.0 Dodging
 - Level 1.3 Stealth


You had 4 spell levels left.
You didn't know any spells.
Your spell library contained the following spells:

 Spells                   Type           Power      Damage    Failure   Level
 Sting                    Tmut/Pois      0%         1d3       41%         1
 Poisonous Vapours        Pois/Air       0%         N/A       54%         2
 Olgreb's Toxic Radiance  Pois           0%         N/A       99%         4


Dungeon Overview and Level Annotations

Branches:
Dungeon (3/15)

Altars:
Gozag
Vehumet


Innate Abilities, Weirdness & Mutations

You are small and have problems with some larger weapons.
You are completely attuned to the shadows.


Message History

You shoot a bolt. The bolt barely misses the orc wizard.
The bolt hits the orc priest!
The orc priest is almost dead.
The orc wizard points at you and mumbles some strange words.
You are confused.
Non-targeted confused fire: 16 bolts
Press: ? - help, Q - select action, (/) - cycle Dir - look around, f - activate You shoot a bolt.
The orc wizard misses you.
Unknown command.
e - a +4 dagger (weapon)
The orc wizard hits you with a +2 dagger of draining.
You feel drained.
The orc wizard gestures at you while chanting.
The puff of flame hits you!
You're too confused to move!
You hit the orc wizard.
The orc wizard is lightly wounded.
The orc priest invokes the aid of Beogh against you.
Beogh smites you! The orc wizard closely misses you.
You hear a shout!
You miss the orc wizard.
The orc wizard is lightly wounded.
You feel less confused.
The orc wizard points at you and mumbles some strange words.
The magic dart hits you.
a - a +1 hand crossbow (weapon)
Fire: 15 bolts
Press: ? - help, Q - select action, (/) - cycle Shift-Dir - straight line, f - orc priest
Aim: an orc priest, wielding a +0 hand axe (almost dead, 68% to hit)
You shoot a bolt. The bolt closely misses the orc wizard.
The bolt closely misses the orc priest.
The orc wizard barely misses you.
Fire: 14 bolts
Press: ? - help, Q - select action, (/) - cycle Shift-Dir - straight line, f/p - orc priest
Aim: an orc priest, wielding a +0 hand axe (almost dead, 68% to hit)
You shoot a bolt. The bolt closely misses the orc priest.
The orc priest mumbles some strange prayers to Beogh against you.
Pain shoots through your body!
You die...

....(. #..(# #...# ##
#.#≈.⌠. #...# .###..≈...
#...# ......≈≈...≈≈#####
#...#
.####..≈._.≈....(###(..#
#..##..≈...≈.##.oo(....##.#
.#.....≈≈.≈≈.##.@##..#)....
.####........#.......).#..#
......###.##.....#...#.....
####### #........#.........
####.#...#..#.#..#
#.#............ #.....#.##.


You could see an orc priest and an orc wizard.

Vanquished Creatures
  Robin (D:2)
  2 adders (D:2)
  A worm (D:2)
  A dart slug (D:1)
  6 ball pythons
  2 bats
  3 endoplasms (D:1)
  3 giant cockroaches (D:2)
  15 goblins
  5 hobgoblins
  6 jackals (D:1)
  4 kobolds
  3 quokkas
  8 frilled lizards
  6 rats
66 creatures vanquished.

Vanquished Creatures (others)
  7 plants (D:1)
  3 withered plants (D:1)
10 creatures vanquished.

Grand Total: 76 creatures vanquished

Notes
Turn   | Place    | Note
-------+----------+-------------------------------------------
     0 | D:1      | Host24 the Kobold Hunter began the quest for the Orb.
     0 | D:1      | Reached XP level 1. HP: 12/12 MP: 1/1
    32 | D:1      | Reached skill level 5 in Crossbows
   368 | D:1      | Reached XP level 2. HP: 17/17 MP: 2/2
   699 | D:1      | Reached XP level 3. HP: 21/21 MP: 3/3
   770 | D:1      | Reached skill level 6 in Crossbows
  1159 | D:1      | Found a faded altar of an unknown god.
  1614 | D:2      | Reached XP level 4. HP: 28/28 MP: 4/4
  1923 | D:2      | Noticed Robin
  2578 | D:2      | Killed Robin
  2579 | D:2      | Reached XP level 5. HP: 29/32 MP: 5/5
  2890 | D:2      | Found a radiant altar of Vehumet.
  3013 | D:3      | Found an opulent altar of Gozag.
  3066 | D:3      | Killed from afar by an orc priest

Illustrated notes

Levels and vault maps discovered:
D:1:      evilmike_arrival_crescent, layout_rooms,
          shapermc_ecumenical_altar_flowoftime, kennysheep_minor_cross,
          minmay_lizard_king
D:2:      layout_loops_ring, basic_altar, uniq_robin
D:3:      layout_loops_cross, nicolae_gozag_zags_fifth_avenue

Skill      XL: |  1  2  3  4 |
---------------+-------------+-----
Crossbows      | 5 6 |  6.6
Fighting       | 3 |  3.0
Dodging        | 3 |  3.0
Stealth        | |  1.3

Action                   |  1- 3 |  4- 6 || total
-------------------------+-------+-------++-------
Melee: Dagger            |   106 |    84 ||   190
       Short sword       |     5 |       ||     5
       Punch             |     2 |     1 ||     3
 Fire: Hand crossbow     |       |     7 ||     7
 Stab: Sleeping          |    13 |     3 ||    16
       Distracted        |       |     1 ||     1
Armor: Leather armour    |    15 |    10 ||    25
Dodge: Dodged            |    47 |    81 ||   128
